 Dungeon Crawl Stone Soup version 0.29.1-2-gbd0b4ee654 (webtiles) character file.

Game seed: 11239380057015245152

3272 cowcol the Cleaver (level 9, -2/78 HPs)
             Began as a Pale Draconian Berserker on Nov 24, 2022.
             Was a Priest of Trog.
             Succumbed to a hornet's poison
             ... on level 7 of the Dungeon.
             The game lasted 00:25:41 (8927 turns).

cowcol the Cleaver (Pale Draconian Berserker)       Turns: 8927, Time: 00:25:42

Health: -2/78      AC:  7    Str: 28    XL:     9   Next: 68%
Magic:  9/9        EV: 14    Int:  7    God:    Trog [***...]
Gold:   754        SH:  0    Dex: 13    Spells: 8/8 levels left

rFire   . . .      SeeInvis .   a - +0 hand axe
rCold   . . .      Faith    .   (no shield)
rNeg    . . .      Spirit   .   (body armour unavailable)
rPois   .          Reflect  .   (helmet restricted)
rElec   .          Harm     .   (no cloak)
rCorr   .          Rampage  .   (no gloves)
Will    .....                   (no boots)
Stlth   +++.......              (no amulet)
HPRegen 0.23/turn               u - +6 ring of strength
MPRegen 0.11/turn               h - +4 ring of slaying

@: lethally poisoned (-2 -> -18), weakened, on berserk cooldown, slowed, very
slow
A: breathe steam, AC +7, unfitting armour, cold-blooded, steam resistance
a: Breathe Steam, Renounce Religion, Berserk, Trog's Hand


You were on level 7 of the Dungeon.
You worshipped Trog.
Trog was most pleased with you.
You visited 1 branch of the dungeon, and saw 8 of its levels.
You also visited: Sewer and Ossuary.

You collected 754 gold pieces.

Inventory:

Hand Weapons
 a - a +0 hand axe (weapon)
 e - a +0 spear
 o - a +0 mace
 t - a +0 vorpal flail
Missiles
 b - 4 javelins (quivered)
 n - 15 poisoned darts
 q - 5 datura-tipped darts
Jewellery
 f - a ring of protection from fire
 h - a +4 ring of slaying (right hand)
 r - a ring of resist corrosion
 u - a +6 ring of strength (left hand)
 y - a ring of flight
Wands
 s - a wand of digging (9)
 w - a wand of polymorph (16)
 F - a wand of quicksilver (7)
 G - a wand of mindburst (15)
 I - a wand of roots (7)
Scrolls
 d - 7 scrolls of teleportation
 g - a scroll of vulnerability {unknown}
 j - a scroll of fear {unknown}
 k - 3 scrolls of enchant weapon
 v - a scroll of magic mapping {unknown}
 x - 3 scrolls of immolation
Potions
 i - 4 potions of lignification {unknown}
 l - 9 potions of might
 m - 3 potions of mutation {unknown}
 p - 4 potions of haste
 z - 2 potions of resistance {unknown}
 A - a potion of ambrosia {unknown}
 B - a potion of experience {unknown}
 C - a potion of heal wounds {unknown}
 D - 2 potions of curing {unknown}
 E - a potion of brilliance {unknown}


   Skills:
 + Level 6.5 Fighting
 + Level 9.9(10.0) Axes
 + Level 1.1(6.3) Maces & Flails
 + Level 1.1 Throwing
 + Level 6.5 Dodging
 + Level 4.9 Stealth


You had 8 spell levels left.
You didn't know any spells.
Your spell library was empty.

Dungeon Overview and Level Annotations

Branches:
Dungeon (8/15)             Temple (0/1) D:6           Sewer (visited)
Ossuary (visited)
   Lair: D:8-11

Altars:
Cheibriados
Elyvilon
Makhleb
Ru
Xom
Yredelemnul


Innate Abilities, Weirdness & Mutations

You can breathe blasts of scalding, opaque steam.
Your pale cyan-grey scales are hard. (AC +7)
You cannot fit into any form of body armour.
You are cold-blooded and may be slowed by cold attacks.
You are immune to the effects of steam.


Message History

The hornet is severely wounded.
You slash the hound!
You kill the hound!
Trog accepts your kill. The hornet stings you.
* * * LOW HITPOINT WARNING * * *
You are poisoned.
You feel as though you will be slow longer.
You barely miss the hornet.
You tail-slap the hornet, but do no damage.
The hornet is severely wounded.
You feel sick. The hornet barely misses you. The hornet completely misses you.
You hit the hornet.
The hornet is almost dead.
You feel sick. The hornet stings you.
* * * LOW HITPOINT WARNING * * *
You are more poisoned.
You feel as though you will be slow longer.
You closely miss the hornet.
Your tail-slap misses the hornet.
Your punch misses the hornet.
The hornet is almost dead.
* * * LOW HITPOINT WARNING * * *
You feel very sick. The hornet stings you.
* * * LOW HITPOINT WARNING * * *
You are more poisoned.
You feel as though you will be slow longer.
You hit the hornet.
You kill the hornet!
Trog accepts your kill.
* * * LOW HITPOINT WARNING * * *
You feel very sick.
* * * LOW HITPOINT WARNING * * *
You feel very sick.
You see here a hornet corpse.
You feel a strong urge to attack something.
You are no longer berserk.
You are exhausted.
You feel as though you will be slow longer.
You die...

#.......###########
#.#####.#.........#
##.###...#.........#
#.......##.........#
####....##.........# #####
#.##.##.........# ##...#
#.##..'.........#########.....
#.#####................[..###'
#.# #.....>@............# #. #.#
#......†........###.###. #.#
#...............###.+.._ ####.#
#...................###. #....#
#...............##..# #. ##.###
#############...##..###' #...#
#.!....###...##......
###.########........#...##...###
#.#...............#...######


There were no monsters in sight!

Vanquished Creatures
  Pikel (D:5)
  2 hornets (D:7)
  Grinder (D:5)
  Menkaure (D:6)
  Duvessa (D:5)
  Pargi (Sewer)
  An ice beast (D:7)
  A black bear (D:6)
  5 ogres
  3 lemures (D:5)
  A centaur (D:7)
  A kobold brigand (D:7)
  2 necrophages
  2 scorpions (D:4)
  Dowan (D:5)
  A crimson imp (D:4)
  3 orc priests
  7 hounds
  An iron imp (D:7)
  2 iguanas
  Natasha (twice) (D:4)
  4 orc wizards
  8 mummies (Ossuary)
  5 adders
  3 gnolls (D:8)
  A shadow imp (D:7)
  A white imp (D:7)
  3 worms
  3 dart slugs
  15 orcs
  8 ball pythons
  4 bats
  2 endoplasms
  5 giant cockroaches
  3 gnoll zombies (Ossuary)
  3 goblins
  7 hobgoblins
  3 jackals (D:2)
  13 kobolds
  5 quokkas
  2 frilled lizards
  A hobgoblin zombie (Ossuary)
  3 kobold zombies (Ossuary)
  An orc zombie (Ossuary)
  5 rats
  A spectral orc (D:7)
149 creatures vanquished.

Vanquished Creatures (others)
  5 plants (D:6)
5 creatures vanquished.

Grand Total: 154 creatures vanquished

Notes
Turn   | Place    | Note
-------+----------+-------------------------------------------
     0 | D:1      | cowcol the Draconian Berserker began the quest for the Orb.
     0 | D:1      | Reached XP level 1. HP: 19/19 MP: 1/1
   304 | D:1      | Reached XP level 2. HP: 25/26 MP: 2/2
   448 | D:1      | Found a faded altar of an unknown god.
  1238 | D:2      | Reached XP level 3. HP: 33/33 MP: 3/3
  1529 | D:2      | You fall into a shaft and drop 1 floor!
  2028 | D:3      | Reached ** piety under Trog
  2194 | D:3      | Reached skill level 4 in Axes
  2194 | D:3      | Reached XP level 4. HP: 31/40 MP: 4/4
  2885 | D:3      | Found a white marble altar of Elyvilon.
  2937 | D:4      | Noticed an ogre
  2942 | D:4      | Killed an ogre
  2943 | D:4      | Reached skill level 1 in Stealth
  2943 | D:4      | Reached XP level 5. HP: 42/46 MP: 5/5
  3344 | D:4      | Reached skill level 5 in Axes
  3344 | D:4      | Reached XP level 6. HP: 42/52 MP: 6/6
  3361 | D:4      | Found a glowing drain.
  3371 | Sewer    | Entered a sewer
  3587 | Sewer    | Noticed Pargi
  3595 | Sewer    | Killed Pargi
  3876 | D:4      | Noticed Natasha
  3886 | D:4      | Killed Natasha
  4201 | D:4      | Noticed Natasha
  4206 | D:4      | Killed Natasha
  4297 | D:4      | Found a burning altar of Makhleb.
  4298 | D:4      | Found a shimmering altar of Xom.
  4319 | D:4      | Your scales start taking on a pale cyan-grey colour.
  4319 | D:4      | Reached XP level 7. HP: 11/59 MP: 7/7
  4319 | D:4      | Gained mutation: You are immune to the effects of steam.
                  | [Pale Draconian growth]
  5005 | D:5      | Entered Level 5 of the Dungeon
  5275 | D:5      | Reached skill level 6 in Axes
  5275 | D:5      | Reached skill level 1 in Throwing
  5501 | D:5      | Noticed Duvessa
  5511 | D:5      | Noticed Dowan
  5513 | D:5      | Killed Duvessa
  5526 | D:5      | Killed Dowan
  5560 | D:5      | Noticed Grinder
  5611 | D:5      | Paralysed by Grinder for 4 turns
  5617 | D:5      | Killed Grinder
  5618 | D:5      | Reached skill level 5 in Dodging
  5618 | D:5      | Reached XP level 8. HP: 44/67 MP: 8/8
  5844 | D:5      | Reached skill level 5 in Fighting
  5844 | D:5      | Reached skill level 7 in Axes
  6297 | D:5      | Noticed Pikel
  6493 | D:5      | Killed Pikel
  6494 | D:5      | Reached skill level 8 in Axes
  6494 | D:5      | Reached skill level 1 in Maces & Flails
  6905 | D:6      | Noticed Menkaure
  6912 | D:6      | Killed Menkaure
  6982 | D:6      | Found a sand-covered staircase.
  7004 | D:6      | Reached XP level 9. HP: 75/75 MP: 9/9
  7006 | Ossuary  | Entered an ossuary
  7740 | D:6      | Found a staircase to the Ecumenical Temple.
  7809 | D:6      | Reached skill level 9 in Axes
  8146 | D:7      | Found a sacrificial altar of Ru.
  8332 | D:7      | Reached *** piety under Trog
  8477 | D:7      | Found a basalt altar of Yredelemnul.
  8770 | D:7      | Found a snail-covered altar of Cheibriados.
  8910 | D:8      | Paralysed by a hornet for 2 turns
  8926 | D:7      | HP: 3/117 [poisoned by a hornet]
  8927 | D:7      | Succumbed to a hornet's poison

Illustrated notes

Levels and vault maps discovered:
D:1:      ncdulo_lavacross, layout_basic, basic_ecumenical_altar
D:2:      layout_basic, chequers_hall_statues_wall_a
D:3:      layout_loops_ring, lemuel_coloured_pillars_altar
D:4:      layout_basic, grunt_temple_overflow_champion_of_chaos,
          cheibrodos_sewer_entry_drain, uniq_natasha
D:5:      layout_loops_ring, uniq_duvessa, uniq_pikel, uniq_grinder
D:6:      layout_rooms, minmay_temple_entry_gardened_gates,
          nicolae_ossuary_entry_false_entrances, uniq_menkaure
D:7:      layout_basic, yredelemnul_forgotten_temple_becter,
          lemuel_doored_altar, slow_altar_2
D:8:      layout_cave_pools, serial_gnoll_camp, gnoll_camp_mini_hut,
          gnoll_camp_huts_moat, gnoll_camp_medium_01, gnoll_camp_mini_sergeant,
          gnoll_camp_mini_hut, gnoll_camp_mini_shop, uniq_grum, uniq_maurice

Skill      XL: |  1  2  3  4  5  6  7  8  9 |
---------------+----------------------------+-----
Dodging        | 3 4 5 6 |  6.5
Axes           | 4 5 6 8 9 |  9.9
Fighting       | 4 5 6 |  6.5
Stealth        | 1 2 3 4 |  4.9
Throwing       | 1 |  1.1
Maces & Flails | 1 |  1.1

Action                   |  1- 3 |  4- 6 |  7- 9 || total
-------------------------+-------+-------+-------++-------
Melee: Hand axe          |   150 |   119 |   211 ||   480
       Tailslap          |    15 |    19 |    23 ||    57
       Punch             |       |     3 |     2 ||     5
       Flail             |       |       |     5 ||     5
Throw: Javelin           |     5 |     2 |       ||     7
Invok: Berserk           |     1 |     6 |    10 ||    17
 Abil: Breathe Steam     |       |       |    13 ||    13
  Use: Scroll            |     1 |     2 |     5 ||     8
 Stab: Sleeping          |     1 |     3 |     1 ||     5
Armor: Skin              |    60 |    33 |    51 ||   144
Dodge: Dodged            |   104 |    66 |   151 ||   321
